 Dungeon Crawl Stone Soup version 0.31-a0-675-g238779eb0a (webtiles) character file.

Game seed: 14543955645127717998

4 GloriousHammer the Trooper (level 1, 14/14 HPs)
             Began as a Gargoyle Monk on Sept 6, 2023.
             Got out of the dungeon alive.
             The game lasted 00:00:20 (93 turns).

GloriousHammer the Trooper (Gargoyle Monk)            Turns: 93, Time: 00:00:21

Health: 14/14      AC:  4    Str: 14    XL:     1   Next: 70%
Magic:  1/1        EV: 12    Int: 10    God:
Gold:   9          SH:  0    Dex: 12    Spells: 0/0 levels left

rFire   . . .        a - +0 hand axe
rCold   . . .        d - orb {light}
rNeg    + . .        b - +0 robe
rPois   ∞            (no helmet)
rElec   +            (no cloak)
rCorr   .            (no gloves)
SInv    .            (no boots)
Will    .....        (no amulet)
Stlth   +            (no ring)
HPRegen 0.22/turn    (no ring)
MPRegen 0.07/turn

%: no passive effects
@: glowing
A: sickness immunity, AC +2, negative energy resistance 1, electricity
resistance, torment resistance 1, petrification resistance
a: no special abilities


You escaped.
You visited 1 branch of the dungeon, and saw 1 of its levels.

You collected 9 gold pieces.

Inventory:

Hand Weapons
 a - a +0 hand axe (weapon)
Armour
 b - a +0 robe (worn)
 d - an orb of light (worn)
Scrolls
 e - 2 scrolls of amnesia {unknown}
Potions
 c - a potion of ambrosia


   Skills:
 - Level 3.2 Fighting
 + Level 3.0 Axes
 - Level 2.4 Dodging


You couldn't memorise any spells.
You didn't know any spells.
Your spell library was empty.

Dungeon Overview and Level Annotations

Branches:
Dungeon (1/15)

Altars:


Innate Abilities, Weirdness & Mutations

You are immune to sickness and miasma.
Your stone body is resilient. (AC +2)
You are immune to poison.
You resist negative energy. (rN+)
You are resistant to electric shocks. (rElec)
You are resistant to unholy torment.
You are immune to petrification.


Message History

Welcome, GloriousHammer the Gargoyle Monk.
Will you be the one to retrieve the terrific Orb of Zot from the depths?
Press ? for a list of commands and other information.
Found 9 gold pieces and a sling.
Found two stairs.
You now have 9 gold pieces.
A dart slug comes into view.
A dart slug is nearby!
The dart slug launches a dart at you. The slug dart hits you.
The dart slug launches a dart at you. The slug dart hits you.
The dart slug launches a dart at you. The slug dart hits you.
You hit the dart slug.
The dart slug is heavily wounded.
The dart slug bites you but does no damage.
You hit the dart slug.
You kill the dart slug!
You see here a dart slug corpse.
HP restored.
A quokka comes into view.
A quokka is nearby!
A ball python comes into view.
The ball python hisses angrily.
You closely miss the quokka. The quokka barely misses you.
You hit the quokka but do no damage.
The quokka bites you but does no damage.
The quokka bites you.
You hit the quokka.
You kill the quokka!
Your Axes skill increases to level 3!
The ball python bites you. The ball python barely misses you.
You see here a quokka corpse.
You hit the ball python.
You kill the ball python!
e - 2 scrolls labelled LUSUMIRAKK
Okay, then.
There is a stone staircase leading down here.
There is a staircase leading out of the dungeon here.
You have escaped!

## .#
#####################
.####.....§..............
..†......≈§≈≈......≈≈≈≈≈.
...###..≈§§..≈≈≈≈.......≈
...# ##..§§......≈.§..≈≈.
...# ##.§§≈..≈.@.§§.≈...
...# ####.≈.≈.≈≈≈§§....
...########...§...§§§....
..........>...≈.^.≈.#..#.
..............§...≈.#..#
...............≈.≈..# .#
................≈....
......†.............).
.............#.....


There were no monsters in sight!

Vanquished Creatures
  A dart slug (D:1)
  A quokka (D:1)
  A ball python (D:1)
3 creatures vanquished.

Notes
Turn   | Place    | Note
-------+----------+-------------------------------------------
     0 | D:1      | GloriousHammer the Gargoyle Monk began the quest for the
                  | Orb.
     0 | D:1      | Reached XP level 1. HP: 14/14 MP: 1/1
    93 | D:$      | Got out of the dungeon alive.

Illustrated notes

Levels and vault maps discovered:
D:1:      ebering_trefoil_3fold, layout_basic

Skill      XL: |  1 |
---------------+----+-----
Axes           | 3 |  3.0
Fighting       | |  3.2
Dodging        | |  2.4

Action                     || total
---------------------------++-------
  Melee: Hand axe          ||     6
 Armour: Robe              ||     7
  Dodge: Dodged            ||     2

Table legend: (Time is in decaauts)
 A = Elapsed time spent in this place.
 B = Non-inter-level travel time spent in this place.
 C = Inter-level travel time spent in this place.
 D = Time resting spent in this place.
 E = Time spent auto-exploring this place.
 F = Levels seen in this place.
 G = Mean time per level.
                   A        B        C        D        E       F      G
               +--------+--------+--------+--------+--------+-----+--------+
         Total |     94 |     86 |      8 |      0 |     50 |   1 |   94.0 |
       Dungeon |     94 |     86 |      8 |      0 |     50 |   1 |   94.0 |
               +--------+--------+--------+--------+--------+-----+--------+

Top non-repeatable levels by time:
     D:1: 94 daAuts
